[ AOE2 MATCH · #513525908 ]
UnrankedKhitans vs Civ #60
Player's team · WIN
[ REPLAY ANALYSIS · EXTRACTED FROM THE RECORDED GAME ]
Feudal
9:15
Castle
21:55
Imperial
36:33
| APM avg | 59.6 |
| APM peak | 104 |
| eAPM avg | 27.4 |
| Villagers / military | 170 / 90 |
Focus
⚔️ 25.9% · 🌾 74.1%
Camel Scout ×32 · Scout Cavalry ×29 · Steppe Lancer ×18 · Trebuchet (Packed) ×6 · Monk ×3 · Fire Lancer ×2
Feudal
11:01
Castle
22:05
Imperial
40:04
| APM avg | 57.4 |
| APM peak | 83 |
| eAPM avg | 24.3 |
| Villagers / military | 76 / 63 |
Focus
⚔️ 36.1% · 🌾 63.9%
Ballestero montado ×25 · Unknown (2705) ×17 · Archer ×15 · Spearman ×15 · Unknown (2703) ×6 · Monk ×3
Match map
Initial resources + every placement click. Lines = walls · curves = elevation contours. ◆ gold · ⬟ stone · ● berries · ✦ relic · ◌ wall gap
Your base· Open — opponent sealed themselves in
@theRealSingleCelledOrganism's base· ✓ Closed at 22:05 · 36t walls · 1 gate(s)
Smoothed initial terrain · ◌ = detected wall gap · hover for details
Inputs per minute
— Jaguar82 - - @theRealSingleCelledOrganism
Build order — Jaguar82
First 150 of 373 actions detected
| 0:00 | Queue | Villager (Male) |
| 0:00 | Queue | Villager (Male) |
| 0:01 | Queue | Villager (Male) |
| 0:02 | Build | House |
| 0:03 | Build | House |
| 0:08 | Queue | Villager (Male) |
| 1:24 | Queue | Villager (Male) |
| 1:47 | Build | House |
| 1:48 | Build | Lumber Camp |
| 1:51 | Build | House |
| 1:55 | Queue | Villager (Male) |
| 2:26 | Queue | Villager (Male) |
| 2:43 | Queue | Villager (Male) |
| 3:06 | Queue | Villager (Male) |
| 3:29 | Queue | Villager (Male) |
| 3:54 | Queue | Villager (Male) |
| 4:02 | Queue | Villager (Male) |
| 4:19 | Queue | Villager (Male) |
| 4:43 | Queue | Villager (Male) |
| 4:52 | Queue | Villager (Male) |
| 5:23 | Build | Mill |
| 5:30 | Queue | Villager (Male) |
| 5:59 | Research | Loom |
| 6:51 | Research | Feudal Age |
| 7:19 | Build | House |
| 7:22 | Build | Palisade Wall |
| 7:24 | Queue | Villager (Male) |
| 7:53 | Build | Barracks |
| 9:15 | Age | Feudal Age |
| 9:21 | Research | Double-Bit Axe |
| 9:25 | Queue | Villager (Male) |
| 9:34 | Build | Stable |
| 9:50 | Build | Palisade Wall |
| 9:53 | Build | Palisade Wall |
| 9:59 | Queue | Villager (Male) |
| 9:59 | Queue | Villager (Male) |
| 10:01 | Build | Palisade Wall |
| 10:09 | Queue | Villager (Male) |
| 10:13 | Queue | Scout Cavalry |
| 10:17 | Build | House |
| 10:18 | Build | House |
| 10:20 | Queue | Villager (Male) |
| 10:31 | Queue | Scout Cavalry |
| 10:33 | Queue | Villager (Male) |
| 10:37 | Build | Pasture |
| 10:50 | Build | Pasture |
| 11:06 | Queue | Villager (Male) |
| 11:28 | Queue | Villager (Male) |
| 11:38 | Build | Pasture |
| 11:45 | Queue | Villager (Male) |
| 11:48 | Build | Pasture |
| 11:51 | Build | Pasture |
| 12:05 | Queue | Scout Cavalry |
| 12:27 | Build | Blacksmith |
| 12:31 | Queue | Villager (Male) |
| 12:38 | Build | Pasture |
| 12:47 | Queue | Villager (Male) |
| 12:57 | Build | House |
| 12:58 | Build | House |
| 13:17 | Queue | Villager (Male) |
| 13:21 | Queue | Scout Cavalry |
| 13:29 | Research | Forging |
| 13:41 | Queue | Villager (Male) |
| 13:51 | Build | Pasture |
| 13:53 | Build | Pasture |
| 13:59 | Build | House |
| 14:04 | Queue | Scout Cavalry |
| 14:05 | Queue | Villager (Male) |
| 14:12 | Build | Pasture |
| 14:25 | Queue | Scout Cavalry |
| 14:32 | Build | Palisade Gate |
| 14:35 | Queue | Villager (Male) |
| 14:40 | Build | Pasture |
| 14:51 | Queue | Scout Cavalry |
| 14:51 | Queue | Villager (Male) |
| 14:58 | Queue | Villager (Male) |
| 15:12 | Build | Pasture |
| 15:17 | Research | Scale Barding Armor |
| 15:28 | Queue | Villager (Male) |
| 15:37 | Queue | Scout Cavalry |
| 15:42 | Build | Pasture |
| 15:43 | Queue | Villager (Male) |
| 15:47 | Queue | Villager (Male) |
| 15:55 | Build | Palisade Wall |
| 16:00 | Queue | Villager (Male) |
| 16:09 | Build | Mining Camp |
| 16:13 | Queue | Villager (Male) |
| 16:26 | Queue | Scout Cavalry |
| 16:26 | Queue | Scout Cavalry |
| 16:52 | Queue | Scout Cavalry ×3 |
| 17:14 | Queue | Villager (Male) |
| 17:21 | Queue | Villager (Male) |
| 17:24 | Queue | Villager (Male) |
| 17:24 | Queue | Villager (Male) |
| 17:25 | Queue | Villager (Male) |
| 17:32 | Queue | Villager (Male) |
| 17:39 | Build | House |
| 17:40 | Build | Stable |
| 17:44 | Queue | Scout Cavalry |
| 17:52 | Queue | Villager (Male) |
| 17:56 | Build | House |
| 17:58 | Build | House |
| 18:26 | Build | Palisade Wall |
| 19:14 | Research | Castle Age |
| 19:23 | Queue | Villager (Male) |
| 19:43 | Queue | Scout Cavalry ×2 |
| 19:49 | Queue | Villager (Male) |
| 19:55 | Queue | Villager (Male) |
| 20:31 | Queue | Villager (Male) |
| 20:39 | Queue | Scout Cavalry ×3 |
| 20:50 | Build | Stable |
| 20:55 | Research | Gold Mining |
| 20:58 | Research | Tech 1014 |
| 21:09 | Research | Wheelbarrow |
| 21:33 | Queue | Scout Cavalry ×4 |
| 21:55 | Age | Castle Age |
| 21:57 | Research | Light Cavalry (upgrade) |
| 21:58 | Research | Husbandry |
| 22:11 | Queue | Scout Cavalry ×3 |
| 22:37 | Research | Bow Saw |
| 22:38 | Queue | Villager (Male) |
| 22:45 | Build | Town Center |
| 23:01 | Queue | Scout Cavalry ×2 |
| 23:24 | Queue | Villager (Male) |
| 23:39 | Queue | Villager (Male) |
| 23:40 | Queue | Villager (Male) |
| 23:41 | Queue | Villager (Male) |
| 23:44 | Queue | Camel Scout ×4 |
| 23:50 | Queue | Villager (Male) |
| 24:02 | Queue | Villager (Male) |
| 24:06 | Queue | Villager (Male) |
| 24:15 | Build | Town Center |
| 24:19 | Queue | Camel Scout ×2 |
| 24:36 | Research | Iron Casting |
| 24:41 | Build | House |
| 24:41 | Build | House |
| 24:52 | Queue | Camel Scout ×2 |
| 25:10 | Queue | Villager (Male) |
| 25:11 | Queue | Villager (Male) |
| 25:21 | Queue | Villager (Male) |
| 25:25 | Build | Monastery |
| 25:26 | Queue | Villager (Male) |
| 25:31 | Build | House |
| 25:32 | Build | House |
| 25:33 | Build | House |
| 25:36 | Build | House |
| 25:37 | Build | House |
| 25:42 | Queue | Camel Scout ×2 |
| 25:49 | Queue | Villager (Male) |
| 25:51 | Queue | Monk |
Build order — @theRealSingleCelledOrganism
First 150 of 285 actions detected
| 0:01 | Queue | Villager (Male) |
| 0:01 | Queue | Villager (Male) |
| 0:01 | Queue | Villager (Male) |
| 0:02 | Build | House |
| 0:04 | Build | House |
| 0:39 | Queue | Villager (Male) |
| 1:25 | Queue | Villager (Male) |
| 1:57 | Build | Lumber Camp |
| 2:06 | Queue | Villager (Male) |
| 2:06 | Queue | Villager (Male) |
| 2:16 | Queue | Villager (Male) |
| 2:38 | Queue | Villager (Male) |
| 3:01 | Queue | Villager (Male) |
| 3:02 | Queue | Villager (Male) |
| 3:46 | Queue | Villager (Male) |
| 3:49 | Build | House |
| 4:07 | Queue | Villager (Male) |
| 4:15 | Build | Mill |
| 4:36 | Queue | Villager (Male) |
| 4:36 | Queue | Villager (Male) |
| 5:16 | Queue | Villager (Male) |
| 5:40 | Queue | Villager (Male) |
| 6:03 | Build | House |
| 6:16 | Queue | Villager (Male) |
| 6:21 | Build | Barracks |
| 6:42 | Queue | Villager (Male) |
| 7:04 | Queue | Villager (Male) |
| 7:08 | Queue | Militia |
| 7:15 | Build | House |
| 7:19 | Queue | Militia |
| 7:31 | Queue | Militia |
| 7:35 | Queue | Villager (Male) |
| 7:38 | Queue | Villager (Male) |
| 7:39 | Research | Loom |
| 7:57 | Build | Farm |
| 8:02 | Build | Farm |
| 8:51 | Research | Feudal Age |
| 9:09 | Build | House |
| 9:19 | Build | Mining Camp |
| 10:12 | Queue | Villager (Male) |
| 10:23 | Build | Palisade Wall |
| 10:28 | Build | Palisade Wall |
| 10:40 | Build | House |
| 10:42 | Build | Palisade Wall |
| 10:44 | Build | Palisade Wall |
| 11:01 | Age | Feudal Age |
| 11:03 | Queue | Spearman |
| 11:07 | Queue | Villager (Male) |
| 11:15 | Build | Archery Range |
| 11:17 | Research | Double-Bit Axe |
| 11:19 | Research | Horse Collar |
| 11:33 | Queue | Spearman |
| 11:53 | Build | Farm |
| 11:56 | Build | Farm |
| 12:01 | Queue | Villager (Male) |
| 12:13 | Queue | Archer |
| 12:25 | Build | House |
| 12:31 | Build | Palisade Wall |
| 12:35 | Queue | Villager (Male) |
| 12:43 | Build | Palisade Wall |
| 13:01 | Queue | Villager (Male) |
| 13:02 | Queue | Archer |
| 13:08 | Build | Farm |
| 13:10 | Build | Farm |
| 13:16 | Build | Farm |
| 13:32 | Queue | Villager (Male) |
| 13:46 | Build | Blacksmith |
| 13:58 | Build | Farm |
| 13:59 | Build | Farm |
| 14:02 | Build | Farm |
| 14:15 | Queue | Villager (Male) |
| 14:19 | Queue | Archer |
| 14:28 | Build | Palisade Wall |
| 14:41 | Queue | Villager (Male) |
| 14:44 | Build | Farm |
| 14:46 | Build | Farm |
| 14:55 | Build | Farm |
| 14:55 | Queue | Villager (Male) |
| 15:08 | Research | Fletching |
| 15:09 | Queue | Archer |
| 15:15 | Build | Farm |
| 15:16 | Queue | Villager (Male) |
| 15:35 | Build | Palisade Gate |
| 15:40 | Queue | Archer |
| 15:41 | Queue | Villager (Male) |
| 15:45 | Build | House |
| 15:46 | Build | Palisade Wall |
| 16:21 | Queue | Spearman |
| 16:27 | Queue | Villager (Male) |
| 16:35 | Build | House |
| 16:36 | Build | House |
| 16:58 | Queue | Villager (Male) |
| 17:05 | Queue | Archer |
| 17:42 | Queue | Archer |
| 17:43 | Queue | Spearman |
| 17:55 | Queue | Archer |
| 18:17 | Build | House |
| 18:20 | Queue | Archer |
| 18:33 | Build | Market |
| 18:50 | Queue | Villager (Male) |
| 18:52 | Queue | Spearman |
| 18:59 | Build | House |
| 19:15 | Build | House |
| 19:25 | Research | Castle Age |
| 19:35 | Queue | Spearman |
| 19:55 | Queue | Spearman |
| 20:41 | Queue | Archer |
| 20:42 | Queue | Archer |
| 20:47 | Queue | Spearman |
| 20:53 | Build | Archery Range |
| 21:06 | Queue | Spearman |
| 21:08 | Research | Gold Mining |
| 21:11 | Build | House |
| 21:29 | Queue | Archer |
| 21:34 | Queue | Archer |
| 21:34 | Queue | Archer |
| 21:59 | Build | House |
| 22:02 | Build | House |
| 22:05 | Age | Castle Age |
| 22:09 | Queue | Ballestero montado |
| 22:09 | Queue | Ballestero montado |
| 22:25 | Build | House |
| 22:28 | Build | House |
| 22:30 | Build | House |
| 23:04 | Build | Palisade Wall |
| 23:05 | Build | Palisade Wall |
| 23:06 | Build | Palisade Wall |
| 23:14 | Build | Palisade Wall |
| 23:15 | Build | Palisade Wall |
| 23:17 | Build | Palisade Wall |
| 23:18 | Queue | Villager (Male) |
| 23:18 | Queue | Villager (Male) |
| 23:22 | Queue | Ballestero montado |
| 23:22 | Queue | Ballestero montado |
| 23:30 | Build | Town Center |
| 23:56 | Queue | Villager (Male) |
| 24:07 | Build | Town Center |
| 24:20 | Research | Thumb Ring |
| 24:23 | Build | House |
| 24:26 | Research | Bow Saw |
| 24:36 | Build | Monastery |
| 24:49 | Queue | Villager (Male) |
| 24:54 | Queue | Villager (Male) |
| 24:54 | Queue | Villager (Male) |
| 25:00 | Build | House |
| 25:08 | Build | Palisade Wall |
| 25:18 | Queue | Monk |
| 25:26 | Queue | Villager (Male) |
| 25:39 | Queue | Unit 2703 |
| 25:43 | Queue | Ballestero montado |
Match timeline
| 6:21 | @theRealSingleCelledOrganism · first_building Barracks |
| 7:22 | Jaguar82 · wall_segment Palisade Wall x12 |
| 7:53 | Jaguar82 · first_building Barracks |
| 9:15 | Jaguar82 · age_up feudal |
| 9:34 | Jaguar82 · first_building Stable |
| 9:50 | Jaguar82 · wall_segment Palisade Wall x1 |
| 9:53 | Jaguar82 · wall_segment Palisade Wall x1 |
| 10:01 | Jaguar82 · wall_segment Palisade Wall x1 |
| 10:23 | @theRealSingleCelledOrganism · wall_segment Palisade Wall x7 |
| 10:28 | @theRealSingleCelledOrganism · wall_segment Palisade Wall x4 |
| 10:42 | @theRealSingleCelledOrganism · wall_segment Palisade Wall x5 |
| 10:44 | @theRealSingleCelledOrganism · wall_segment Palisade Wall x2 |
| 11:01 | @theRealSingleCelledOrganism · age_up feudal |
| 11:15 | @theRealSingleCelledOrganism · first_building Archery Range |
| 12:31 | @theRealSingleCelledOrganism · wall_segment Palisade Wall x1 |
| 12:43 | @theRealSingleCelledOrganism · wall_segment Palisade Wall x3 |
| 14:28 | @theRealSingleCelledOrganism · wall_segment Palisade Wall x10 |
| 15:46 | @theRealSingleCelledOrganism · wall_segment Palisade Wall x4 |
| 15:55 | Jaguar82 · wall_segment Palisade Wall x12 |
| 18:26 | Jaguar82 · wall_segment Palisade Wall x6 |
| 19:24 | @theRealSingleCelledOrganism · first_market_sell 100 food |
| 21:55 | Jaguar82 · age_up castle |
| 22:05 | @theRealSingleCelledOrganism · age_up castle |
| 23:04 | @theRealSingleCelledOrganism · wall_segment Palisade Wall x1 |
| 23:05 | @theRealSingleCelledOrganism · wall_segment Palisade Wall x1 |
| 23:06 | @theRealSingleCelledOrganism · wall_segment Palisade Wall x1 |
| 23:14 | @theRealSingleCelledOrganism · wall_segment Palisade Wall x1 |
| 23:15 | @theRealSingleCelledOrganism · wall_segment Palisade Wall x1 |
| 23:17 | @theRealSingleCelledOrganism · wall_segment Palisade Wall x1 |
| 24:36 | @theRealSingleCelledOrganism · first_building Monastery |
| 25:08 | @theRealSingleCelledOrganism · wall_segment Palisade Wall x1 |
| 25:25 | Jaguar82 · first_building Monastery |
| 30:22 | @theRealSingleCelledOrganism · first_building Castle |
| 30:41 | Jaguar82 · first_building Castle |
| 33:06 | @theRealSingleCelledOrganism · first_building Stable |
| 35:50 | @theRealSingleCelledOrganism · first_building Siege Workshop |
| 36:33 | Jaguar82 · age_up imperial |
| 40:04 | @theRealSingleCelledOrganism · age_up imperial |
| 41:27 | @theRealSingleCelledOrganism · resign |
[ AI ANALYSIS · 1 CREDIT ]
What really happened in this match?
Wolo.gg analyzes every decision: build order, eco, micro, common mistakes by bracket. Personalized analysis on WhatsApp or Discord in 30 seconds.
Civ guide
Khitans
Perfil
Jugador #11181673